Map: Echo LE (Void)

Players

Scarletsalmn

  • Race: Protoss Protoss
  • Spawn Location: 5:00

Fropez - Winner!

  • Race: Protoss Protoss
  • League: Gold
  • Spawn Location: 11:00

VOD

Have the link to the VOD?

Description

Time

  • Played on: Dec. 31, 2016, 8:19 p.m.
  • Length: 9:48
Show
View Real Time Build Order
Export as new Build Order

Scarletsalmn Protoss 

Build Orders:  

Get SALT Encoding   

  12  0:02  Probe (Chrono Boost)  
  13  0:13  Probe (Chrono Boost)  
  14  0:20  Pylon  
  14  0:23  Probe (Chrono Boost)  
  15  0:38  Probe (Chrono Boost)  
  16  0:47  Gateway  
  16  0:51  Probe (Chrono Boost)  
  17  1:01  Probe (Chrono Boost), Assimilator  
  18  1:10  Pylon  
  18  1:17  Forge, Probe (Chrono Boost)  
  19  1:28  Probe (Chrono Boost)  
  20  1:35  Cybernetics Core  
  20  1:38  Probe (Chrono Boost)  
  21  1:41  Pylon  
  21  1:48  Assimilator  
  21  1:53  Photon Cannon  
  21  1:58  Probe (Chrono Boost)  
  22  2:15  Probe (Chrono Boost)  
  23  2:19  Warp Gate  
  23  2:35  Nexus  
  23  2:36  Pylon  
  23  2:39  Probe (Chrono Boost)  
  24  2:50  Probe (Chrono Boost)  
  25  2:52  Pylon  
  25  3:00  Probe (Chrono Boost)  
  26  3:11  Probe (Chrono Boost)  
  27  3:13  Photon Cannon  
  27  3:17  Pylon  
  27  3:22  Probe (Chrono Boost)  
  28  3:32  Probe (Chrono Boost)  
  22  3:54  Mothership Core (Chrono Boost)  
  22  4:01  Probe (Chrono Boost)  
  23  4:12  Probe x2 (Chrono Boost)  
  25  4:22  Probe (Chrono Boost)  
  25  4:23  Probe (Chrono Boost)  
  27  4:33  Probe x2 (Chrono Boost)  
  27  4:44  Probe (Chrono Boost)  
  19  5:10  Probe (Chrono Boost)  
  19  5:13  Probe (Chrono Boost)  
  21  5:20  Probe (Chrono Boost)  
  22  5:24  Probe (Chrono Boost)  
  23  5:31  Probe (Chrono Boost), Photon Cannon  
  23  5:33  Photon Cannon  
  23  5:34  Probe (Chrono Boost)  
  25  5:40  Pylon  
  25  5:41  Probe (Chrono Boost)  
  26  5:48  Probe (Chrono Boost)  
  27  5:58  Probe (Chrono Boost), Stargate  
  27  5:59  Stargate  
  27  6:02  Stargate  
  28  6:07  Assimilator  
  28  6:09  Probe (Chrono Boost), Assimilator  
  29  6:13  Protoss Air Weapons Level 1  
  29  6:17  Probe (Chrono Boost)  
  30  6:19  Probe (Chrono Boost)  
  30  6:24  Pylon  
  31  6:28  Probe (Chrono Boost)  
  31  6:30  Probe (Chrono Boost)  
  33  6:38  Probe (Chrono Boost)  
  34  6:40  Probe (Chrono Boost)  
  34  6:46  Pylon  
  35  6:49  Probe (Chrono Boost)  
  35  6:51  Probe (Chrono Boost)  
  37  6:59  Probe (Chrono Boost)  
  38  7:01  Probe (Chrono Boost)  
  38  7:05  Void Ray  
  43  7:10  Probe (Chrono Boost)  
  43  7:13  Probe (Chrono Boost)  
  45  7:20  Probe (Chrono Boost)  
  46  7:23  Photon Cannon  
  46  7:24  Probe (Chrono Boost)  
  46  7:26  Photon Cannon  
  47  7:32  Photon Cannon  
  47  7:34  Probe (Chrono Boost)  
  47  7:36  Pylon  
  48  7:45  Probe (Chrono Boost)  
  53  7:55  Probe (Chrono Boost)  
  51  8:33  Pylon  
  42  9:02  Photon Cannon  
  42  9:04  Photon Cannon  
  42  9:06  Photon Cannon, Mothership Core (Chrono Boost)  
Show
View Real Time Build Order
Export as new Build Order

Fropez Protoss - Winner!

Build Orders: 1 Gate Expand 

Get SALT Encoding   

  12  0:01  Probe (Chrono Boost)  
  13  0:11  Probe (Chrono Boost)  
  14  0:26  Probe (Chrono Boost)  
  14  0:27  Pylon  
  15  0:45  Probe (Chrono Boost)  
  15  0:49  Gateway  
  16  0:53  Pylon  
  16  0:56  Probe (Chrono Boost)  
  17  1:00  Assimilator  
  17  1:06  Probe (Chrono Boost)  
  18  1:11  Assimilator  
  18  1:17  Probe (Chrono Boost)  
  19  1:32  Nexus  
  19  1:41  Cybernetics Core  
  19  1:43  Probe (Chrono Boost)  
  20  1:54  Probe (Chrono Boost)  
  21  2:04  Pylon, Probe (Chrono Boost)  
  22  2:13  Assimilator  
  22  2:15  Probe (Chrono Boost)  
  23  2:18  Adept  
  25  2:24  Warp Gate  
  25  2:30  Gateway  
  25  2:33  Probe (Chrono Boost)  
  28  2:44  Probe (Chrono Boost)  
  28  2:45  Adept, Probe (Chrono Boost)  
  32  2:58  Probe (Chrono Boost)  
  32  3:00  Mothership Core (Chrono Boost)  
  33  3:10  Probe (Chrono Boost)  
  33  3:12  Adept  
  36  3:17  Adept  
  36  3:18  Probe (Chrono Boost)  
  39  3:31  Probe x2 (Chrono Boost)  
  42  3:49  Probe (Chrono Boost)  
  42  3:50  Probe (Chrono Boost)  
  43  3:56  Assimilator  
  43  3:59  Probe (Chrono Boost)  
  43  4:02  Pylon, Probe (Chrono Boost)  
  43  4:07  Twilight Council  
  44  4:10  Probe (Chrono Boost)  
  44  4:14  Probe (Chrono Boost)  
  49  4:20  Probe (Chrono Boost)  
  50  4:26  Probe (Chrono Boost)  
  47  4:32  Probe (Chrono Boost)  
  48  4:48  Stalker x2  
  52  4:54  Probe (Chrono Boost)  
  52  4:55  Probe (Chrono Boost)  
  52  4:56  Assimilator  
  52  4:58  Blink  
  52  5:03  Gateway  
  52  5:05  Probe (Chrono Boost)  
  52  5:06  Gateway x2  
  54  5:07  Probe (Chrono Boost), Gateway  
  54  5:08  Pylon  
  54  5:12  Pylon  
  52  5:15  Probe (Chrono Boost)  
  52  5:16  Pylon  
  53  5:21  Gateway x2  
  53  5:26  Probe (Chrono Boost)  
  52  5:33  Stalker x2  
  56  5:36  Pylon  
  56  5:39  Probe (Chrono Boost)  
  56  5:41  Pylon  
  57  5:45  Probe (Chrono Boost)  
  59  5:57  Probe (Chrono Boost), Robotics Facility  
  59  5:58  Probe (Chrono Boost)  
  60  6:08  Probe (Chrono Boost)  
  60  6:09  Gateway, Stalker x5  
  71  6:17  Probe (Chrono Boost)  
  73  6:18  Probe (Chrono Boost)  
  73  6:24  Pylon  
  73  6:29  Probe (Chrono Boost)  
  74  6:42  Observer  
  74  6:44  Nexus  
  75  6:50  Gateway  
  75  6:51  Probe x2 (Chrono Boost)  
  75  6:53  Gateway  
  78  7:01  Probe (Chrono Boost)  
  78  7:02  Forge  
  78  7:04  Forge  
  78  7:06  Forge  
  79  7:08  Probe (Chrono Boost)  
  79  7:09  Observer  
  80  7:22  Probe x2 (Chrono Boost)  
  82  7:25  Warp Prism  
  82  7:34  Stalker x6  
  96  7:46  Pylon, Stalker x3  
  96  7:49  Pylon  
  102  8:35  Stalker x6  
  102  8:36  Stalker x3  
  116  9:10  Probe x2 (Chrono Boost)  
  116  9:11  Probe (Chrono Boost)  
  116  9:14  Stalker x3  
  116  9:15  Assimilator, Stalker x4  
  132  9:18  Assimilator  
  132  9:22  Pylon  
Tags
 
League
Gold
Matchup
PvP
Replay Pack
All Mines
Spawn Locations
Cross Positions
Add a new tag
Caveats
  • Supply blocks, unpowered buildings, or Contaminate may cause inaccurate times.
  • Supply counts are checked every 10 seconds.